 Dungeon Crawl Stone Soup version 0.31-a0-177-g4aa6249778 (webtiles) character file.

Game seed: 13583167646881463577

11 qw the Shooter (level 2, -1/26 HPs)
             Began as a Naga Hunter on June 18, 2023.
             Frozen to death by an endoplasm (5 damage)
             ... on level 1 of the Dungeon.
             The game lasted 00:00:04 (130 turns).

qw the Shooter (Naga Hunter)                         Turns: 130, Time: 00:00:04

Health: -1/26      AC:  2    Str: 13    XL:     2   Next: 25%
Magic:  2/2        EV:  9    Int:  9    God:
Gold:   0          SH:  0    Dex: 14    Spells: 1/1 levels left

rFire   . . .        a - +0 shortbow
rCold   . . .        (shield currently unavailable)
rNeg    . . .        c - +0 leather armour
rPois   +            (no helmet)
rElec   .            (no cloak)
rCorr   .            (no gloves)
SInv    +            (no barding)
Will    .....        (no amulet)
Stlth   ++           (no ring)
HPRegen 0.24/turn    (no ring)
MPRegen 0.08/turn

%: no passive effects
@: short of breath, very slow
A: AC +0, large, see invisible, deformed body, poison resistance, slowness 2,
spit poison 1, naga tail 1
a: Spit Poison


You were on level 1 of the Dungeon.
You visited 1 branch of the dungeon, and saw 1 of its levels.


Innate Abilities, Weirdness & Mutations

Your serpentine skin is tough. (AC +0)
You have supernaturally acute eyesight. (SInv)
Armour fits poorly on your strangely shaped body.
Your system is resistant to poisons. (rPois)
You cover ground very slowly.
You can spit poison.
You have a snake-like lower body.


   Skills:
 - Level 2.0 Fighting
 + Level 4.1 Ranged Weapons
 - Level 1.5 Dodging
 - Level 1.5 Stealth


You had one spell level left.
You didn't know any spells.
Your spell library was empty.

Inventory:

Hand Weapons
 a - a +0 shortbow (weapon)
Armour
 c - a +0 leather armour (worn)
Scrolls
 b - a scroll of butterflies
Potions
 d - a potion of heal wounds {unknown}

Dungeon Overview and Level Annotations

Branches:
Dungeon (1/15)

Altars:


Message History

The bat barely misses you. The endoplasm freezes you.
You are frozen.
The quokka barely misses you.
You shoot an arrow.
The arrow hits the quokka but does no damage.
The quokka is heavily wounded.
The bat hits you. The endoplasm hits you. The quokka barely misses you.
You shoot an arrow. The arrow completely misses the quokka.
You have got your breath back.
The bat hits you but does no damage.
The endoplasm hits you but does no damage.
The quokka bites you. x2
The endoplasm jiggles.
The endoplasm freezes you.
You are frozen.
127 ||| INVOKING Spit Poison.
Aiming: Spit Poison (2% risk of failure)
Press: ? - help, Shift-Dir - straight line, f/p - quokka The splash of poison hits the quokka.
You kill the quokka!
The bat hits you but does no damage. The endoplasm freezes you.
You are frozen.
You shoot an arrow. The arrow hits the endoplasm.
The endoplasm is heavily wounded.
The bat closely misses you. x2
The endoplasm hits you but does no damage.
The bat hits you but does no damage.
You shoot an arrow. The arrow hits the endoplasm.
The endoplasm is almost dead.
The bat barely misses you. The endoplasm barely misses you.
You shoot an arrow.
The arrow hits the endoplasm but does no damage.
The endoplasm is almost dead.
The bat hits you. The endoplasm freezes you.
You are frozen.
The endoplasm freezes you.
You are frozen.
You die...

#. #. #. ##### ##..
......#..### ###.
........#....#!)...
.........#..%J..)#
..........#..@##
..............b.# #.
................#....
..........#%.......#
............#+##.##########
##................^.......
#....)....#.#.######....#
...>......+........#....#
..........#.#.####.#....#


You could see an endoplasm and a bat.

Vanquished Creatures
  2 bats (D:1)
  2 giant cockroaches (D:1)
  A goblin (D:1)
  A hobgoblin (D:1)
  2 quokkas (D:1)
8 creatures vanquished.

Notes
Turn   | Place    | Note
-------+----------+-------------------------------------------
     0 | D:1      | qw the Naga Hunter began the quest for the Orb.
     0 | D:1      | Reached XP level 1. HP: 19/19 MP: 1/1
     0 | D:1      | 0 ||| qw: Version: 0.3-a-5-g6f28e65
     0 | D:1      | 0 ||| qw: Game counter: 572
     0 | D:1      | 0 ||| qw: Always use a shield: true
     0 | D:1      | 0 ||| qw: God list: Okawaru
     0 | D:1      | 0 ||| qw: Allow faded altars: false
     0 | D:1      | 0 ||| qw: Do Orc after D:15 true
     0 | D:1      | 0 ||| qw: Do second Lair branch before Depths: true
     0 | D:1      | 0 ||| qw: Lair rune preference: random
     0 | D:1      | 0 ||| qw: Plans: Normal
     0 | D:1      | 0 ||| PLANNING D:1-11
    70 | D:1      | 70 ||| INVOKING Spit Poison.
    76 | D:1      | 76 ||| INVOKING Spit Poison.
   105 | D:1      | 105 ||| INVOKING Spit Poison.
   106 | D:1      | Reached skill level 4 in Ranged Weapons
   106 | D:1      | Reached XP level 2. HP: 26/26 MP: 2/2
   118 | D:1      | 118 ||| INVOKING Spit Poison.
   121 | D:1      | 121 ||| INVOKING Spit Poison.
   127 | D:1      | 127 ||| INVOKING Spit Poison.
   127 | D:1      | HP: 6/26 [frozen (2)]
   130 | D:1      | Frozen to death by an endoplasm

Levels and vault maps discovered:
D:1:      arrival_zaba_pyramid, layout_basic,
          shapermc_ecumenical_altar_mp_vishouse, grunt_decor_arrowhead,
          minmay_pentomino_t4

Skill      XL: |  1 |
---------------+----+-----
Ranged Weapons | 4 |  4.1
Fighting       | |  2.0
Dodging        | |  1.5
Stealth        | |  1.5

Action                     || total
---------------------------++-------
   Fire: Shortbow          ||    18
Ability: Spit Poison       ||     6
 Armour: Leather armour    ||    12
  Dodge: Dodged            ||    12

Table legend:
 A = Non-vault XP
 B = Vault XP
 C = Vault XP percentage of total XP
 D = Non-vault monster count
 E = Vault monster count
 F = Vault count percentage of total count
                 A         B        C        D         E       F
            +---------+---------+-------+---------+---------+-------
      Total |      12 |       4 |  25.0 |       6 |       2 |  25.0
            +---------+---------+-------+---------+---------+-------
        D:1 |      12 |       4 |  25.0 |       6 |       2 |  25.0
            +---------+---------+-------+---------+---------+-------
